 Dungeon Crawl Stone Soup version 0.29.1-1-gd02db6906a (webtiles) character file.

Game seed: 829116674114992894

1797 Orsonium the Covered (level 8, 0/49 (55) HPs)
             Began as a Demonspawn Monk on Sept 21, 2022.
             Was a Priest of Hepliaklqana.
             Slain by a wight
             ... wielding a +2 halberd
              (4 damage)
             ... on level 7 of the Dungeon.
             The game lasted 00:22:42 (6694 turns).

Orsonium the Covered (Demonspawn Monk)              Turns: 6694, Time: 00:22:43

HP:   0/49 (55)     AC: 12    Str: 20    XL:     8   Next: 83%
MP:   8/8           EV:  9    Int: 12    God:    Hepliaklqana [***...]
Gold: 503           SH:  0    Dex: 15    Spells: 7/7 levels left

rFire   . . .      SeeInvis .   x - +1 hand axe (drain)
rCold   . . .      Faith    .   (no shield)
rNeg    . . .      Spirit   .   A - +0 chain mail
rPois   .          Reflect  .   (helmet restricted)
rElec   .          Harm     .   (no cloak)
rCorr   .          Rampage  .   h - +0 pair of gloves
Will    .....                   q - +0 pair of boots
Stlth   ..........              b - amulet of regeneration
HPRegen 0.96/turn               n - ring of flight
MPRegen 0.11/turn               v - +6 ring of strength

@: flying, heavily drained
A: reduced essence, antennae 1, claws 1, hooves 1, spiny 1, demonic magic 1
a: Renounce Religion, Recall Ancestor, Ancestor Identity, Transference


You were on level 7 of the Dungeon.
You worshipped Hepliaklqana.
Hepliaklqana was most pleased with you.
You visited 1 branch of the dungeon, and saw 7 of its levels.

You collected 503 gold pieces.

Inventory:

Hand Weapons
 a - a +0 short sword of venom
 p - a +0 dagger of speed
 x - a +1 hand axe of draining (weapon)
 B - a +0 scythe of freezing
Armour
 h - a +0 pair of gloves (worn)
 q - a +0 pair of boots (worn)
 A - a +0 chain mail (worn)
 K - the +0 robe of Uhiomigh {rElec rN+ Stlth+ Archmagi}
   (You found it on level 7 of the Dungeon)

   rElec:     It insulates you from electricity.
   rN:        It protects you from negative energy.
   Archmagi:  It increases the power of your magical spells.
   Stlth:     It makes you more stealthy.
Jewellery
 b - an amulet of regeneration (around neck)
 n - a ring of flight (left hand)
 r - a ring of fire
 v - a +6 ring of strength (right hand)
 I - a ring of wizardry
Wands
 l - a wand of quicksilver (15)
 D - a wand of digging (4)
 E - a wand of charming (18)
 J - a wand of iceblast (9)
Scrolls
 f - a scroll of torment {unknown}
 g - a scroll of enchant armour {unknown}
 i - 3 scrolls of enchant weapon {unknown}
 j - 3 scrolls of teleportation
 o - a scroll of silence {unknown}
 s - a scroll of blinking
 u - 3 scrolls of immolation {unknown}
 w - a scroll of amnesia {unknown}
 y - a scroll of vulnerability {unknown}
 C - 4 scrolls of identify {unknown}
 F - a scroll of brand weapon {unknown}
 G - a scroll of magic mapping {unknown}
Potions
 c - 2 potions of ambrosia
 d - 2 potions of degeneration {unknown}
 e - 7 potions of curing
 k - 2 potions of heal wounds {unknown}
 m - a potion of attraction {unknown}
 t - 2 potions of brilliance {unknown}
 z - a potion of berserk rage {unknown}
 H - a potion of flight {unknown}


   Skills:
 + Level 5.1 Fighting
 + Level 4.1 Short Blades
 + Level 5.2 Axes
 + Level 5.3 Armour
 + Level 4.0 Dodging
 + Level 4.5 Stealth


You had 7 spell levels left.
You didn't know any spells.
Your spell library contained the following spells:

 Spells                   Type           Power      Damage    Failure   Level
 Sting                    Tmut/Pois      0%         1d3       97%         1
 Poisonous Vapours        Pois/Air       0%         N/A       99%         2
 Call Canine Familiar     Summ           0%         N/A       100%        3
 Portal Projectile        Hex/Tloc       0%         N/A       100%        3
 Animate Dead             Necr           0%         N/A       100%        4
 Leda's Liquefaction      Hex/Erth       0%         N/A       100%        4
 Olgreb's Toxic Radiance  Pois           0%         N/A       100%        4
 Borgnjor's Vile Clutch   Necr/Erth      0%         N/A       100%        5
 Death Channel            Necr           0%         N/A       100%        6


Dungeon Overview and Level Annotations

Branches:
Dungeon (7/15)
 Temple: D:4-7

Altars:
Dithmenos
Gozag
Hepliaklqana
Ru
Trog
Uskayaw
Vehumet
Wu Jian

Shops:
D:4 **   D:5 *

Annotations:
D:4 2 transporters, exclusion: statue


Innate Abilities, Weirdness & Mutations

Your life essence is reduced to manifest your ancestor. (-10% HP)
You have a pair of small antennae on your head.
You have sharp fingernails.
You have large cloven feet.
You are partially covered in sharp spines.
Spells you cast may paralyse adjacent enemies.


Message History

You slash the wight!
The wight is almost destroyed.
The wight completely misses you.
The wight hits you with a +2 dire flail.
You hit the wight.
You destroy the wight!
The wight barely misses you. The wight is struck by your spines.
The wight hits you but does no damage.
Things that are here:
a +2 dire flail; a +0 robe You completely miss the wight.
The wight is lightly damaged.
The wight closely misses you.
You barely miss the wight.
The wight is lightly damaged.
The wight is struck by your spines. The wight hits you with a +2 halberd.
You hit the wight but do no damage.
The wight is lightly damaged.
The wight is struck by your spines. The wight hits you but does no damage.
You hit the wight.
The wight is severely damaged.
The wight hits you with a +2 halberd!
* * * LOW HITPOINT WARNING * * *
You hit the wight but do no damage.
The wight is severely damaged.
The wight barely misses you. The wight hits you with a +2 halberd.
* * * LOW HITPOINT WARNING * * *
You feel drained.
* * * LOW HITPOINT WARNING * * *
You barely miss the wight.
The wight is severely damaged.
The wight hits you with a +2 halberd.
* * * LOW HITPOINT WARNING * * *
You barely miss the wight.
The wight is severely damaged.
The wight closely misses you.
You hit the wight but do no damage.
The wight is severely damaged.
The wight hits you with a +2 halberd.
You die...

#... #.$. ##
#...#8### ###⌠
....(.. ....#
..... ..... {.z.{
.... #z# ..# #@#
#..# ##R##...#
#......#
####...##..8
########.#.#...#
##.....#......#
#.............##
...............#
[................


You could see the friendly Gnaeus the knight and 2 wights.

Vanquished Creatures
  Sigmund (D:4)
  A water moccasin (D:6)
  A phantom (D:6)
  A kobold brigand (D:6)
  3 scorpions
  A necrophage (D:5)
  A wight (D:7)
  A jelly (D:6)
  2 orc priests
  2 iguanas
  Terence (D:3)
  Natasha (twice) (D:4)
  3 orc wizards (D:6)
  A gnoll (D:5)
  8 adders
  2 ufetubi (D:6)
  A worm (D:4)
  13 orcs
  7 ball pythons
  6 endoplasms
  5 giant cockroaches
  9 goblins
  9 hobgoblins
  5 jackals
  7 quokkas
  3 bats
  9 frilled lizards
  13 kobolds
  3 rats (D:2)
121 creatures vanquished.

Vanquished Creatures (collateral kills)
  A shadow (D:6)
  An ice beast (D:6)
  A centaur (D:6)
  A necrophage (D:6)
  A scorpion (D:6)
  A hound (D:6)
  An orc priest (D:6)
  2 iguanas (D:5)
  An orc wizard (D:6)
  2 gnolls (D:5)
  2 orcs
  A jackal (D:5)
15 creatures vanquished.

Grand Total: 136 creatures vanquished

Notes
Turn   | Place    | Note
-------+----------+-------------------------------------------
     0 | D:1      | Orsonium the Demonspawn Monk began the quest for the Orb.
     0 | D:1      | Reached XP level 1. HP: 18/18 MP: 1/1
   334 | D:1      | Discovered your monstrous ancestry.
   334 | D:1      | Gained mutation: You have large cloven feet. [demonic
                  | ancestry]
   334 | D:1      | Reached XP level 2. HP: 24/24 MP: 2/2
   686 | D:1      | Found a faded altar of an unknown god.
  1676 | D:2      | Gained mutation: You are partially covered in sharp spines.
                  | [demonic ancestry]
  1676 | D:2      | Reached XP level 3. HP: 20/29 MP: 3/3
  1779 | D:2      | Found a hide-covered altar of Uskayaw.
  2103 | D:2      | Gained mutation: Spells you cast may paralyse adjacent
                  | enemies. [demonic ancestry]
  2103 | D:2      | Reached XP level 4. HP: 31/35 MP: 4/4
  2941 | D:3      | Found a bloodstained altar of Trog.
  3173 | D:3      | Noticed Terence
  3187 | D:3      | Killed Terence
  3670 | D:4      | Found Ruorofra's Specific Store.
  3721 | D:4      | Noticed Sigmund
  3735 | D:4      | Killed Sigmund
  3736 | D:4      | Reached skill level 1 in Armour
  3736 | D:4      | Reached XP level 5. HP: 28/42 MP: 5/5
  3736 | D:4      | Gained mutation: You have sharp fingernails. [demonic
                  | ancestry]
  3736 | D:4      | Reached XP level 6. HP: 32/48 MP: 6/6
  3748 | D:4      | Found a radiant altar of Vehumet.
  3817 | D:4      | Found a transporter.
  3828 | D:4      | Found an ornate altar of the Wu Jian Council.
  3913 | D:4      | Found a transporter.
  3915 | D:4      | Noticed an ice beast
  4025 | D:4      | Found Ehyech's General Store.
  4126 | D:4      | Noticed Natasha
  4136 | D:4      | Killed Natasha
  4295 | D:4      | Found a hide-covered altar of Uskayaw.
  4360 | D:4      | Noticed Natasha
  4369 | D:4      | Killed Natasha
  4370 | D:4      | Reached skill level 1 in Axes
  4534 | D:5      | Entered Level 5 of the Dungeon
  4548 | D:5      | Found a hazy altar of Hepliaklqana.
  4559 | D:5      | Became a worshipper of Hepliaklqana the Forgotten
  4559 | D:5      | Reached * piety under Hepliaklqana
  4559 | D:5      | Reached ** piety under Hepliaklqana
  4560 | D:5      | Remembered your ancestor Gnaeus as a knight
  4705 | D:5      | Found Onuenwea's Mayhem Merchandise.
  4829 | D:5      | Gained mutation: You have a pair of small antennae on your
                  | head. [demonic ancestry]
  4829 | D:5      | Reached XP level 7. HP: 47/47 MP: 7/7
  5046 | D:5      | Found an opulent altar of Gozag.
  5052 | D:5      | Found a shadowy altar of Dithmenos.
  5429 | D:6      | Found a sacrificial altar of Ru.
  5661 | D:6      | Noticed a shadow
  5669 | D:6      | Killed a shadow
  5670 | D:6      | Reached XP level 8. HP: 47/54 MP: 8/8
  5778 | D:6      | Reached *** piety under Hepliaklqana
  5954 | D:6      | Reached skill level 5 in Fighting
  5954 | D:6      | Reached skill level 5 in Axes
  5954 | D:6      | Reached skill level 5 in Armour
  6079 | D:6      | Identified the +0 cloak "Giumamol" {Int+6 Dex-4}
  6468 | D:7      | Identified the +0 robe of Uhiomigh {rElec rN+ Stlth+
                  | Archmagi}
  6692 | D:7      | HP: 2/49 [wight/+2 halberd (3)]
  6694 | D:7      | Slain by a wight

Illustrated notes

Levels and vault maps discovered:
D:1:      tarquinn_simple_flora_water_a, layout_basic,
          dreamdust_ecumenical_altar_statues, amcnicky_mini_corridor_feature,
          kennysheep_small_spiral
D:2:      layout_loops_ring, basic_altar, minmay_misc_feat_roman,
          nicolae_underground_beach
D:3:      layout_loops_corners, lemuel_tele_altar, mainiacjoe_overflow_alcove_4,
          uniq_terence
D:4:      gammafunk_cloud_chamber, layout_cave_pools, vehumet_statue,
          nicolae_overflow_crystal_walls, kennysheep_little_box,
          nicolae_specific_store, uniq_sigmund, uniq_natasha
D:5:      layout_basic, mainiacjoe_overflow_catwalk, jmf_multi_god_temple,
          minmay_shop_mayhem
D:6:      wander_river, layout_loops_corners,
          mainiacjoe_overflow_six_doors_small, nicolae_benzene_ring, minmay_bent
D:7:      layout_rooms, mainiacjoe_overflow_alcove_1, temple_statues,
          serial_corexii_hall, chequers_hall_statues_y,
          chequers_hall_statues_corner_a, roderic_roman_lattice,
          kennysheep_doodads, roderic_nine_men_s_morris

Skill      XL: |  1  2  3  4  5  6  7  8 |
---------------+-------------------------+-----
Short Blades   | 3 4 |  4.1
Stealth        | 2 4 |  4.5
Dodging        | 3 4 |  4.0
Armour         | 1 2 3 5 |  5.3
Axes           | 1 3 5 |  5.2
Fighting       | 4 5 |  5.1

Action                   |  1- 3 |  4- 6 |  7- 9 || total
-------------------------+-------+-------+-------++-------
Melee: Short sword       |    72 |       |       ||    72
       Kick              |    16 |       |       ||    16
       Punch             |     2 |     1 |       ||     3
       Dagger            |    31 |    39 |       ||    70
       Hand axe          |       |    75 |    96 ||   171
Invok: Ancestor Life: Kn |       |     1 |       ||     1
       Ancestor Identity |       |     1 |       ||     1
  Use: Scroll            |       |     3 |       ||     3
       Potion            |       |     1 |       ||     1
 Stab: Sleeping          |     7 |     5 |       ||    12
       Distracted        |       |       |     1 ||     1
Armor: Robe              |    18 |     1 |       ||    19
       Chain mail        |       |    60 |    63 ||   123
       Ring mail         |       |    10 |       ||    10
Dodge: Dodged            |    66 |    49 |    44 ||   159
